 Dungeon Crawl Stone Soup version 0.21-a0-472-g223bcb9 (webtiles) character file.

37 slep the Skirmisher (level 3, 0/29 HPs)
             Began as a Demonspawn Monk on Nov 21, 2017.
             Slain by Terence
             ... wielding a +1 flail of protection
              (1 damage)
             ... on level 2 of the Dungeon.
             The game lasted 00:02:41 (1026 turns).

slep the Skirmisher (Demonspawn Monk)               Turns: 1026, Time: 00:02:42

Health: 0/29       AC:  6    Str: 11    XL:     3   Next: 21%
Magic:  0/3        EV: 10    Int: 11    God:
Gold:   71         SH:  0    Dex: 16    Spells: 2/2 levels left

rFire    . . .     SeeInvis .   a - +0 falchion
rCold    . . .     Gourm    .   (no shield)
rNeg     . . .     Faith    .   f - +0 scale mail
rPois    .         Spirit   +   (no helmet)
rElec    .         Reflect  .   (no cloak)
rCorr    .         Harm     .   (no gloves)
MR       .....                  (no boots)
Stlth    +.........             (no amulet)
HPRegen  0.09/turn              (no ring)
MPRegen  0.08/turn              (no ring)

@: no status effects
A: claws 1, magic shield
a: no special abilities


You were on level 2 of the Dungeon.
You were hungry.

You visited 1 branch of the dungeon, and saw 2 of its levels.

You collected 71 gold pieces.

Inventory:

Hand Weapons
 a - a +0 falchion (weapon)
Armour
 b - a +0 robe
 f - a +0 scale mail (worn)
Scrolls
 d - 2 scrolls of magic mapping {unknown}
 g - a scroll of teleportation {unknown}
 h - a scroll of amnesia {unknown}
Potions
 e - 2 potions of lignification {unknown}
 k - a potion of agility {unknown}
 l - a potion of degeneration {unknown}
Comestibles
 c - 3 bread rations
 i - a royal jelly
 j - a fruit


   Skills:
 + Level 3.2 Fighting
 + Level 3.1 Long Blades
 + Level 0.4 Armour
 + Level 3.2 Dodging
 + Level 1.9 Stealth


You had 2 spell levels left.
You didn't know any spells.

Dungeon Overview and Level Annotations

Branches:
Dungeon (2/15)

Altars:

Annotations:
D:2 Terence


Innate Abilities, Weirdness & Mutations

You have sharp fingernails.
When hurt, damage is shared between your health and your magic reserves.


Message History

Terence is heavily wounded.
You hit Terence but do no damage.
Terence is heavily wounded.
Terence hits you but does no damage.
You slash Terence!
Terence is severely wounded.
Terence misses you.
You closely miss Terence.
Terence is severely wounded.
You hit Terence.
Terence is almost dead.
Terence hits you with a flail of protection.
* * * LOW HITPOINT WARNING * * *
You hit Terence but do no damage.
Terence is almost dead.
Terence hits you but does no damage.
You hit Terence.
Terence is almost dead.
Terence hits you with a flail of protection.
You die...

###..#.. #.#.#
#.# ........
#.#.########.#
.#.#. #
#.#...........
)#
#.############
.# #.# ##...
#.# ..... #.#
####.
.##########.#
.?....@@....#
.############


You could see Terence.

Vanquished Creatures
  An ooze (D:1)
  A worm (D:2)
  2 dart slugs (D:1)
  A giant cockroach (D:1)
  3 hobgoblins
  5 kobolds (D:1)
  2 quokkas (D:2)
  4 bats
  A frilled lizard (D:1)
  2 goblins
  2 rats
24 creatures vanquished.

Notes
Turn   | Place    | Note
-------+----------+-------------------------------------------
     0 | D:1      | slep the Demonspawn Monk began the quest for the Orb.
     0 | D:1      | Reached XP level 1. HP: 18/18 MP: 1/1
   221 | D:1      | Gained mutation: You have sharp fingernails. [demonic ancestry]
   221 | D:1      | Reached XP level 2. HP: 22/24 MP: 2/2
   842 | D:2      | Gained mutation: When hurt, damage is shared between your health and your magic reserves. [demonic ancestry]
   842 | D:2      | Reached XP level 3. HP: 28/29 MP: 3/3
  1000 | D:2      | Noticed Terence
  1024 | D:2      | HP: 1/29 [Terence/flail of protection (3)]
  1026 | D:2      | Slain by Terence

Vault maps used:
D:1:      lightli_arrival_maybe_door_vault
D:2:      first_bread, uniq_terence

Skill      XL: |  1  2 |
---------------+-------+-----
Long Blades    | 3 |  3.1
Dodging        | 3 |  3.2
Fighting       | |  3.2
Armour         | |  0.4
Stealth        | |  1.9

Action                   || total
-------------------------++-------
Melee: Falchion          ||   123
Armor: Scale mail        ||    45
       Robe              ||     1
Dodge: Dodged            ||    70
       Rpst.: Falchion   ||    21

Table legend:
 A = Spawn XP
 B = Non-spawn XP
 C = Spawn XP percentage of total XP
 D = Spawn monster count
 E = Non-spawn monster count
 F = Spawn count percentage of total count
 G = Total turns spent on level
                    A         B        C        D         E        F      G
               +---------+---------+-------+---------+---------+-------+---------
         Total |       0 |      53 |   0.0 |       0 |      24 |   0.0 |  1026
               +---------+---------+-------+---------+---------+-------+---------
           D:1 |       0 |      35 |   0.0 |       0 |      16 |   0.0 |   809
           D:2 |       0 |      18 |   0.0 |       0 |       8 |   0.0 |   217
               +---------+---------+-------+---------+---------+-------+---------
